 Dungeon Crawl Stone Soup version 0.30-a0-1016-gfb0d676c02 (webtiles) character file.

Game seed: 8661235101562040043

39 jasper the Magician (level 3, -9/29 HPs)
             Began as a Hill Orc Hedge Wizard on Apr 6, 2023.
             Was a Follower of Jiyva.
             Mangled by a kobold
             ... wielding a +0 whip of electrocution
              (19 damage)
             ... on level 2 of the Dungeon.
             The game lasted 00:02:38 (1331 turns).

jasper the Magician (Hill Orc Hedge Wizard)         Turns: 1331, Time: 00:02:39

Health: -9/29      AC:  8    Str: 14    XL:     3   Next: 45%
Magic:  6/6        EV:  6    Int: 14    God:    Jiyva [*.....]
Gold:   125        SH:  4    Dex: 16    Spells: 5/6 levels left

rFire   . . .      SeeInvis .    j - +0 club
rCold   . . .      Faith    .    f - +0 buckler
rNeg    . . .      Spirit   .    l - +0 chain mail
rPois   +          Reflect  .    c - +0 hat
rElec   .          Rampage  .    (no cloak)
rCorr   .                        (no gloves)
Will    .....                    (no boots) Stlth
                                 (no amulet)
HPRegen 1.04/turn                k - ring of poison resistance
MPRegen 0.35/turn                e - +6 ring of dexterity

@: no status effects
A: no striking features
a: Renounce Religion


You were on level 2 of the Dungeon.
You worshipped Jiyva.
Jiyva was aware of your devotion.
You visited 1 branch of the dungeon, and saw 2 of its levels.

You collected 125 gold pieces.

Inventory:

Hand Weapons
 a - a +0 dagger
 g - a +0 short sword
 j - a +0 club (weapon)
Missiles
 h - 25 stones
 p - 5 silver javelins
Armour
 b - a +0 robe
 c - a +0 hat (worn)
 f - a +0 buckler (worn)
 l - a +0 chain mail (worn)
 q - the +1 ring mail of Tentacled Curiosity {Harm rC- Dex-3 SInv}
   (You found it on level 2 of the Dungeon)

   Dex:       It affects your dexterity (-3).
   rC:        It makes you vulnerable to cold.
   SInv:      It lets you see invisible.
   Harm:      It increases damage dealt and taken.
Jewellery
 e - a +6 ring of dexterity (right hand)
 k - a ring of poison resistance (left hand)
Scrolls
 i - a scroll of torment {unknown}
 m - a scroll of noise {unknown}
 n - a scroll of vulnerability {unknown}
 o - a scroll of poison {unknown}
Potions
 d - a potion of magic


   Skills:
 + Level 2.1 Fighting
 + Level 2.0 Armour
 - Level 1.5 Dodging
 - Level 1.5 Stealth
 + Level 1.1 Shields
 - Level 2.4 Spellcasting
 - Level 1.0 Conjurations
 - Level 1.0 Summonings
 - Level 0.7 Translocations


You had 5 spell levels left.
You knew the following spells:

 Your Spells              Type           Power      Damage    Failure   Level
a - Magic Dart            Conj           16%        1d3       98%         1

Your spell library contained the following spells:

 Spells                   Type           Power      Damage    Failure   Level
 Slow                     Hex            4%         N/A       99%         1
 Blink                    Tloc           6%         N/A       99%         2
 Call Imp                 Summ           4%         N/A       99%         2
 Cigotuvi's Dreadful Rot  Necr/Pois/Air  2%         N/A       100%        2
 Mephitic Cloud           Conj/Pois/Air  2%         N/A       100%        3


Dungeon Overview and Level Annotations

Branches:
Dungeon (2/15)

Altars:
Jiyva


Message History

You hear a distant slurping noise.
You now have 125 gold pieces (gained 9).
You see here a +0 spear.
You hear a slurping noise.
Found a stone staircase leading down.
A goblin comes into view. It is wielding a +0 dagger.
The goblin shouts!
The goblin hits you but does no damage.
You closely miss the goblin. The goblin hits you with a +0 dagger.
A kobold comes into view.
It is wielding a +0 whip of electrocution.
You take 2 damage, and have 27/29 hp.
You barely miss the goblin. You block the goblin's attack.
The goblin hits you but does no damage.
You closely miss the goblin. The goblin hits you with a +0 dagger.
Health restored: 29 The goblin attacks as you move away!
The goblin closely misses you.
You hit the goblin.
The goblin is almost dead.
The goblin barely misses you.
You closely miss the goblin.
The goblin is almost dead.
The goblin barely misses you. The goblin hits you but does no damage.
You hit the goblin but do no damage.
The goblin is almost dead.
The goblin hits you but does no damage.
You hit the goblin.
You kill the goblin!
You barely miss the kobold. The kobold hits you but does no damage.
You are electrocuted!!
Ouch! That really hurt!
You take 20 damage, and have 9/29 hp.
MASSIVE DAMAGE!!
Throw: 6 javelins (silver)
Press: ? - help, Shift-Dir - straight line, f - kobold
Aim: a kobold, wielding a +0 whip of electrocution, wearing a ring of willpower and quivering stones (53% to hit)
You throw a silver javelin.
The silver javelin closely misses the kobold.
The kobold barely misses you. The kobold hits you but does no damage.
You are electrocuted!!
Ouch! That really hurt!
You die...

###.##..# ### #.....(.#
#.. ####.......# # #.#
.......>...#
#.########.# ###......#
#..........# .....K....#
#########..# .###.#.##.#
#..# # #. #K#
###########...
##.#.##@###.....J......#
............############
##.########## # # # #


You could see a kobold.

Vanquished Creatures
  5 ball pythons (D:1)
  2 endoplasms (D:1)
  A giant cockroach (D:1)
  5 goblins
  A hobgoblin (D:1)
  8 jackals (D:1)
  A quokka (D:2)
  3 bats (D:1)
  2 frilled lizards (D:1)
  3 kobolds
  3 rats
34 creatures vanquished.

Vanquished Creatures (others)
  A dart slug (D:2)
  2 endoplasms (D:2)
  A frilled lizard (D:2)
  A rat (D:2)
5 creatures vanquished.

Grand Total: 39 creatures vanquished

Notes
Turn   | Place    | Note
-------+----------+-------------------------------------------
     0 | D:1      | jasper the Hill Orc Hedge Wizard began the quest for the
                  | Orb.
     0 | D:1      | Reached XP level 1. HP: 14/14 MP: 3/3
   145 | D:1      | Reached skill level 1 in Fighting
   194 | D:1      | Reached skill level 1 in Armour
   199 | D:1      | Reached XP level 2. HP: 18/23 MP: 1/5
   578 | D:1      | Reached XP level 3. HP: 24/29 MP: 0/6
  1086 | D:1      | Reached skill level 1 in Shields
  1155 | D:1      | Found a faded altar of an unknown god.
  1191 | D:1      | Prayed at the altar of an unknown god.
  1191 | D:1      | Became a worshipper of Jiyva Juamomea the Shapeless
  1191 | D:1      | Reached * piety under Jiyva
  1278 | D:2      | Identified the +1 ring mail of Tentacled Curiosity {Harm
                  | rC- Dex-3 SInv}
  1331 | D:2      | Mangled by a kobold

Illustrated notes

Levels and vault maps discovered:
D:1:      wander_arrival_chamber, layout_loops_ring,
          chequers_ecumenical_altar_lobes
D:2:      layout_loops_ring

Skill      XL: |  1  2  3 |
---------------+----------+-----
Fighting       | 1 2 |  2.1
Armour         | 1 2 |  2.0
Shields        | 1 |  1.1
Dodging        | |  1.5
Stealth        | |  1.5
Spellcasting   | |  2.4
Conjurations   | |  1.0
Summonings     | |  1.0
Translocations | |  0.7

Action                     || total
---------------------------++-------
  Melee: Dagger            ||    42
         Short sword       ||    13
         Club              ||    51
  Throw: Javelin           ||     1
   Cast: Magic Dart        ||    32
   Stab: Sleeping          ||     1
 Armour: Robe              ||    26
         Chain mail        ||    14
  Dodge: Dodged            ||    66
  Block: Buckler           ||    10

Table legend: (Time is in decaauts)
 A = Elapsed time spent in this place.
 B = Non-inter-level travel time spent in this place.
 C = Inter-level travel time spent in this place.
 D = Time resting spent in this place.
 E = Time spent auto-exploring this place.
 F = Levels seen in this place.
 G = Mean time per level.
                   A        B        C        D        E       F      G
               +--------+--------+--------+--------+--------+-----+--------+
         Total |   1348 |   1302 |     46 |     58 |    911 |   2 |  674.0 |
       Dungeon |   1348 |   1302 |     46 |     58 |    911 |   2 |  674.0 |
               +--------+--------+--------+--------+--------+-----+--------+

Top non-repeatable levels by time:
     D:1: 1215 daAuts
     D:2: 132 daAuts
